Unix NetHack Version 5.0.0-0 post-release - last build May 31 2026 23:59:36 (970b52f25bf058293b47ddfd14a1e40e571c508c,branch:main).

Game began 2026-06-02 09:56:59, ended 2026-06-02 10:01:50.

GdeVolpiano, lawful male human Archeologist

                   ---..
                   |..*.
                   |.......
                   --....<.
                    -.@*.-.
                     .....
                    .--

GdeVolpiano the Digger     St:12 Dx:9 Co:13 In:16 Wi:18 Ch:8  Lawful
Dlvl:3  $:240 HP:0(13) Pw:2(2) AC:6  Xp:1 T:753  Blind

Latest messages:
 You drop a crude chain mail.
 You see here a crude chain mail.
 s - a crude chain mail.
 What do you want to take off? [bc or ?*]
 You were wearing an uncursed +0 leather jacket.
 What do you want to wear? [bs or ?*]
 You finish your dressing maneuver.
 You swap places with Indy.
 You see here a granite ring.
 q - a granite ring.
 What do you want to wear? [*]
 Which ring-finger, Right or Left? [rl]
 q - a granite ring (on right hand).
 Where do you want to travel to?
 (For instructions type a '?')
 In what direction?
 You put an uncursed +0 leather jacket into the large box.
 Where do you want to travel to?
 (For instructions type a '?')
 You kill the newt!
 You descend the stairs.
 What do you want to use or apply? [egh or ?*]
 In what direction do you want to dig? [hl>]
 You start hitting the boulder.
 You hit the boulder with all your might.
 The boulder falls apart.
 You see here 40 rocks.
 You see here a red gem.
 t - a red gem.
 What do you want to use or apply? [egh or ?*]
 What do you want to rub on the stone? [$t or ?*]
 t - a worthless piece of red glass.
 What do you want to drop? [$c-eghjkpqst or ?*]
 You drop a worthless piece of red glass.
 You are hit by a cream pie.
 Yecch!  You've been creamed.
 You hear some noises.
 Wait!  There's something there you can't see!
 It hits!
 You hit it.
 You miss it.
 It hits!
 It hits!
 You kill it!
 It hits!
 You miss it.
 It hits!
 You die...
 Do you want your possessions identified? [ynq] (y)
 Do you want to see your attributes? [ynq] (y)

Inventory:
 Coins    ('$')
  $ - 240 gold pieces
 Armor    ('[')
  c - an uncursed +0 fedora (being worn)
  s - an uncursed +0 orcish chain mail (being worn)
 Comestibles  ('%')
  k - an uncursed fig
  d - 5 uncursed food rations
 Potions  ('!')
  p - an uncursed potion of see invisible
 Rings    ('=')
  j - a cursed -1 ring of adornment
  q - an uncursed ring of teleport control (on right hand)
 Tools    ('(')
  h - an empty uncursed sack
  e - a +0 pick-axe (weapon in right hand)
 Gems/Stones  ('*')
  g - an uncursed touchstone

GdeVolpiano the Archeologist's attributes:

Background:
 You were a Digger, a level 1 male human Archeologist.
 You were lawful, on a mission for Quetzalcoatl
 who was opposed by Camaxtli (neutral) and Huhetotl (chaotic).
 You were right-handed.
 You were in the Gnomish Mines, on level 3.
 You entered the dungeon 753 turns ago.
 There was a full moon in effect when your adventure ended.
 You had 15 experience points, 5 more were needed to attain level 2.

Basics:
 You had 0 out of 13 hit points.
 You had both energy points (spell power).
 Your armor class was 6.
 Your wallet contained 240 zorkmids.
 Autopickup was on for '$?!/="+' plus thrown, with exceptions.

Final Characteristics:
 Your strength was 12 (limit:18/100).
 Your dexterity was 9 (limit:18).
 Your constitution was 13 (limit:18).
 Your intelligence was 16 (limit:18).
 Your wisdom was 18 (limit:18).
 Your charisma was 8 (limit:18).

Final Status:
 You were temporarily blind.
 You weren't hungry.
 You were unencumbered.
 You were wielding a pick-axe.
 You had basic skill with pick-axe.

Final Attributes:
 You were fervently aligned.
 You had automatic searching.
 You had teleport control.
 You were warded.
 You were lucky.
 You are dead.

Miscellaneous:
 You didn't encounter any bones levels.
 Total elapsed playing time was 4 minutes and 50 seconds.

Major events:
 Turn
    1: GdeVolpiano the lawful male human Archeologist entered the dungeon
  418: entered the Gnomish Mines
  753: killed by a gnome

You didn't know any spells.

Skills:
 Fighting Skills
   bare handed combat [Unskilled]
   two weapon combat  [Unskilled]
   riding             [Unskilled]
 Weapon Skills
   dagger             [Unskilled]
   knife              [Unskilled]
   pick-axe           [Basic]
   short sword        [Unskilled]
   saber              [Unskilled]
   club               [Unskilled]
   quarterstaff       [Unskilled]
   sling              [Unskilled]
   dart               [Unskilled]
   boomerang          [Unskilled]
   whip               [Basic]
   unicorn horn       [Unskilled]
 Spellcasting Skills
   attack spells      [Unskilled]
   healing spells     [Unskilled]
   divination spells  [Unskilled]
   matter spells      [Unskilled]

Voluntary challenges:
 Character rerolling was not enabled.
 You were an atheist.
 You never genocided any monsters.
 You never polymorphed an object.
 You never changed form.
 You used no wishes.
Achievement:
 You entered the Gnomish Mines.

 The Dungeons of Doom: levels 1 to 3
    Level 1:
       Some fountains.
    Level 2:
       Stairs down to The Gnomish Mines.
    Level 3:
 The Gnomish Mines:
    Level 3: <- You were here.
       Final resting place for
          you, killed by a gnome.


Vanquished creatures:
  a gnome
  3 jackals
  a sewer rat
  a kobold zombie
  4 newts
10 creatures vanquished.

No species were genocided or became extinct.

Game over:
                       ----------
                      /          \
                     /    REST    \
                    /      IN      \
                   /     PEACE      \
                  /                  \
                  |   GdeVolpiano    |
                  |      240 Au      |
                  |   killed by a    |
                  |      gnome       |
                  |                  |
                  |                  |
                  |       2026       |
                 *|     *  *  *      | *
        _________)/\\_//(\/(/\)/\//\/|_)_______

Goodbye GdeVolpiano the Archeologist...

You died in The Gnomish Mines on dungeon level 3 with 376 points,
and 240 pieces of gold, after 753 moves.
You were level 1 with a maximum of 13 hit points when you died.

